 Dungeon Crawl Stone Soup version 0.31-a0-180-g519b7de00c (webtiles) character file.

Game seed: 10397422277356535095

1388 qw the Skirmisher (level 8, -1/74 HPs)
             Began as a Naga Hunter on June 19, 2023.
             Was an Initiate of Okawaru.
             Slain by Pikel
             ... wielding a +2 whip of freezing
              (5 damage)
             ... on level 5 of the Dungeon.
             The game lasted 00:01:40 (3765 turns).

qw the Skirmisher (Naga Hunter)                     Turns: 3765, Time: 00:01:40

Health: -1/74      AC:  9    Str: 13    XL:     8   Next: 68%
Magic:  8/8        EV:  9    Int:  9    God:    Okawaru [......]
Gold:   251        SH:  0    Dex: 18    Spells: 7/7 levels left

rFire   + . .        Y - +1 shortbow (drain)
rCold   . . .        (shield currently unavailable)
rNeg    . . .        b - +2 ring mail of Hecatt {rElec}
rPois   +            (no helmet)
rElec   +            (no cloak)
rCorr   .            l - +1 pair of gloves
SInv    +            (no barding)
Will    +....        m - amulet of the acrobat
Stlth   +            g - ring of protection from fire
HPRegen 0.32/turn    (no ring)
MPRegen 0.11/turn

%: acrobat
@: short of breath, very slow
A: AC +2, large, see invisible, deformed body, poison resistance, slowness 2,
spit poison 1, naga tail 1
a: Spit Poison, Renounce Religion


You were on level 5 of the Dungeon.
You worshipped Okawaru.
Okawaru was noncommittal.
You visited 2 branches of the dungeon, and saw 6 of its levels.

You collected 251 gold pieces.


Innate Abilities, Weirdness & Mutations

Your serpentine skin is tough. (AC +2)
You have supernaturally acute eyesight. (SInv)
Armour fits poorly on your strangely shaped body.
Your system is resistant to poisons. (rPois)
You cover ground very slowly.
You can spit poison.
You have a snake-like lower body.


   Skills:
 + Level 5.1 Fighting
 - Level 9.0 Ranged Weapons
 - Level 1.2 Armour
 - Level 2.0 Dodging
 - Level 1.5 Stealth


You had 7 spell levels left.
You didn't know any spells.
Your spell library was empty.

Inventory:

Hand Weapons
 Y - a +1 shortbow of draining (weapon)
Armour
 b - the +2 ring mail of Hecatt (worn) {rElec}
   (You found it on level 2 of the Dungeon)

   rElec:     It insulates you from electricity.
 l - a +1 pair of gloves (worn)
Jewellery
 d - an amulet of regeneration
 g - a ring of protection from fire (left hand)
 m - an amulet of the acrobat (around neck)
 o - a ring of ice
Scrolls
 c - 2 scrolls of identify
 n - a scroll of noise {unknown}
Potions
 a - a potion of curing
 e - a potion of invisibility {unknown}
 f - a potion of magic
 h - a potion of enlightenment {unknown}
 i - a potion of haste
 j - a potion of lignification {unknown}
 k - a potion of degeneration {unknown}

Dungeon Overview and Level Annotations

Branches:
Dungeon (5/15)             Temple (1/1) D:4

Altars:
Ashenzari
Cheibriados
Dithmenos
Elyvilon
Fedhas
Gozag
Hepliaklqana
Kikubaaqudgha
Makhleb
Okawaru
Qazlal
Ru
Sif Muna
Trog
Uskayaw
Vehumet
Wu Jian
Xom
Yredelemnul

Annotations:
D:5 Pikel


Message History

Pikel hits you with a +2 whip of freezing!
Pikel freezes you.
You shoot an arrow. The arrow hits the lemure.
The lemure is almost dead.
You have got your breath back.
Pikel hits you but does no damage. The lemure hits you.
The lemure hits you but does no damage. Pikel closely misses you.
The lemure closely misses you. The lemure hits you but does no damage.
3760 ||| INVOKING Spit Poison.
Aiming: Spit Poison (1% risk of failure)
Press: ? - help, Shift-Dir - straight line, f/p - lemure The splash of poison hits the lemure!
The lemure is poisoned.
You kill the lemure!
That felt strangely unrewarding.
Pikel hits you with a +2 whip of freezing.
Pikel freezes you. The lemure hits you but does no damage.
You shoot an arrow. The arrow hits the lemure!
The lemure is moderately wounded.
Pikel barely misses you. Pikel hits you but does no damage.
The lemure barely misses you. The lemure hits you but does no damage.
You shoot an arrow. The arrow hits the lemure.
The lemure is severely wounded.
The lemure looks more healthy.
Pikel hits you with a +2 whip of freezing.
Pikel freezes you. The lemure hits you! The lemure hits you but does no damage.
You shoot an arrow. The arrow closely misses the lemure.
Pikel closely misses you. Pikel barely misses you.
The lemure hits you but does no damage. x2
You shoot an arrow. The arrow barely misses the lemure.
You have got your breath back.
Pikel hits you with a +2 whip of freezing.
Pikel freezes you. The lemure barely misses you.
The lemure hits you but does no damage.
3765 ||| INVOKING Spit Poison.
Aiming: Spit Poison (1% risk of failure)
Press: ? - help, Shift-Dir - straight line, f/p - lemure The splash of poison misses the lemure.
Pikel hits you but does no damage.
Pikel hits you with a +2 whip of freezing.
You die...

........##..........
........##.#.#######
........##.#.#
...........#.#
........####.#
........# #.#
........# #.#
.......5####.#
...>..5K@....#
.......5######
........# .......
....... .......
....... .......


You could see Pikel (fast) and 3 lemures.

Vanquished Creatures
  A water moccasin (D:5)
  A sky beast (D:4)
  2 black bears
  2 ogres
  A lemure (D:5)
  A kobold brigand (D:5)
  3 scorpions
  2 jellies (D:5)
  An orc priest (D:3)
  4 hounds
  An iguana (D:4)
  Terence (D:3)
  2 orc wizards
  8 adders
  12 gnolls
  3 ufetubi
  A worm (D:2)
  5 dart slugs
  8 orcs
  4 bats
  4 endoplasms
  4 giant cockroaches
  5 goblins
  3 hobgoblins
  2 jackals (D:2)
  2 quokkas (D:1)
  6 ball pythons
  4 frilled lizards
  9 kobolds
  7 rats
109 creatures vanquished.

Notes
Turn   | Place    | Note
-------+----------+-------------------------------------------
     0 | D:1      | qw the Naga Hunter began the quest for the Orb.
     0 | D:1      | Reached XP level 1. HP: 19/19 MP: 1/1
     0 | D:1      | 0 ||| qw: Version: 0.3-a-7-ge0c9b40
     0 | D:1      | 0 ||| qw: Game counter: 964
     0 | D:1      | 0 ||| qw: Always use a shield: true
     0 | D:1      | 0 ||| qw: God list: Okawaru
     0 | D:1      | 0 ||| qw: Allow faded altars: false
     0 | D:1      | 0 ||| qw: Do Orc after D:15 true
     0 | D:1      | 0 ||| qw: Do second Lair branch before Depths: true
     0 | D:1      | 0 ||| qw: Lair rune preference: random
     0 | D:1      | 0 ||| qw: Plans: Normal
     0 | D:1      | 0 ||| PLANNING D:1-11
    40 | D:1      | 40 ||| INVOKING Spit Poison.
   109 | D:1      | 109 ||| INVOKING Spit Poison.
   149 | D:1      | 149 ||| INVOKING Spit Poison.
   214 | D:1      | 214 ||| INVOKING Spit Poison.
   215 | D:1      | Reached skill level 4 in Ranged Weapons
   215 | D:1      | Reached XP level 2. HP: 26/26 MP: 2/2
   226 | D:1      | 226 ||| INVOKING Spit Poison.
   239 | D:1      | 239 ||| INVOKING Spit Poison.
   269 | D:1      | 269 ||| INVOKING Spit Poison.
   286 | D:1      | 286 ||| INVOKING Spit Poison.
   303 | D:1      | 303 ||| INVOKING Spit Poison.
   342 | D:1      | 342 ||| INVOKING Spit Poison.
   360 | D:1      | 360 ||| INVOKING Spit Poison.
   371 | D:1      | 371 ||| INVOKING Spit Poison.
   404 | D:1      | 404 ||| INVOKING Spit Poison.
   544 | D:1      | 544 ||| INVOKING Spit Poison.
   610 | D:1      | 610 ||| INVOKING Spit Poison.
   613 | D:1      | Reached XP level 3. HP: 32/32 MP: 3/3
   630 | D:1      | 630 ||| INVOKING Spit Poison.
   923 | D:1      | 923 ||| UPGRADING to +0 pair of gloves.
   928 | D:1      | 928 ||| UPGRADING to amulet of the acrobat.
   933 | D:1      | 933 ||| READING scroll labelled ZUNWUEMAIS.
   934 | D:1      | 934 ||| READING scroll labelled SAITAA IRYIRCHU.
   935 | D:1      | 935 ||| READING scroll labelled XOPLUN BUPTE.
   936 | D:1      | 936 ||| READING 2 scrolls labelled ROSECL HOYGGELIFO.
   937 | D:1      | 937 ||| READING scroll of brand weapon.
   937 | D:1      | 937 ||| BRANDING +0 shortbow of freezing.
   938 | D:1      | 938 ||| DRINKING 2 smoky clear potions.
   939 | D:1      | 939 ||| DROPPING scroll of butterflies.
   940 | D:1      | 940 ||| DROPPING potion of attraction.
   989 | D:2      | 989 ||| INVOKING Spit Poison.
   996 | D:2      | 996 ||| INVOKING Spit Poison.
  1018 | D:2      | Identified the +2 ring mail of Hecatt {rElec}
  1042 | D:2      | 1042 ||| INVOKING Spit Poison.
  1045 | D:2      | 1045 ||| INVOKING Spit Poison.
  1048 | D:2      | 1048 ||| READING scroll of enchant armour.
  1048 | D:2      | 1048 ||| ENCHANTING +0 pair of gloves.
  1054 | D:2      | 1054 ||| INVOKING Spit Poison.
  1060 | D:2      | 1060 ||| INVOKING Spit Poison.
  1061 | D:2      | 1061 ||| INVOKING Spit Poison.
  1062 | D:2      | Reached skill level 5 in Ranged Weapons
  1062 | D:2      | Reached XP level 4. HP: 39/39 MP: 4/4
  1068 | D:2      | 1068 ||| INVOKING Spit Poison.
  1073 | D:2      | 1073 ||| INVOKING Spit Poison.
  1104 | D:2      | 1104 ||| INVOKING Spit Poison.
  1105 | D:2      | Reached skill level 3 in Fighting
  1111 | D:2      | 1111 ||| INVOKING Spit Poison.
  1114 | D:2      | Reached XP level 5. HP: 49/49 MP: 5/5
  1190 | D:2      | 1190 ||| INVOKING Spit Poison.
  1276 | D:2      | 1276 ||| INVOKING Spit Poison.
  1314 | D:2      | 1314 ||| INVOKING Spit Poison.
  1321 | D:2      | Found a faded altar of an unknown god.
  1366 | D:2      | 1366 ||| INVOKING Spit Poison.
  1415 | D:2      | 1415 ||| UPGRADING to +2 ring mail of Hecatt {rElec}.
  1425 | D:2      | 1425 ||| DROPPING +0 leather armour.
  1426 | D:2      | 1426 ||| UPGRADING to ring of protection from fire.
  1427 | D:2      | 1427 ||| READING scroll labelled SIENOSS REMA.
  1428 | D:2      | 1428 ||| READING scroll labelled WEUSOPY SEDUARPH.
  1453 | D:3      | 1453 ||| INVOKING Spit Poison.
  1501 | D:3      | 1501 ||| INVOKING Spit Poison.
  1568 | D:3      | 1568 ||| INVOKING Spit Poison.
  1601 | D:3      | 1601 ||| INVOKING Spit Poison.
  1618 | D:3      | 1618 ||| INVOKING Spit Poison.
  1621 | D:3      | 1621 ||| Stepping ~*~*~tactically~*~*~ (outnumbered).
  1622 | D:3      | 1622 ||| INVOKING Spit Poison.
  1625 | D:3      | Reached skill level 1 in Armour
  1636 | D:3      | 1636 ||| INVOKING Spit Poison.
  1637 | D:3      | Noticed Terence
  1641 | D:3      | 1641 ||| INVOKING Spit Poison.
  1646 | D:3      | 1646 ||| INVOKING Spit Poison.
  1646 | D:3      | Killed Terence
  1650 | D:3      | 1650 ||| INVOKING Spit Poison.
  1728 | D:3      | Found a white marble altar of Elyvilon.
  1737 | D:3      | Found an ornate altar of the Wu Jian Council.
  1749 | D:3      | 1749 ||| INVOKING Spit Poison.
  1774 | D:3      | 1774 ||| INVOKING Spit Poison.
  1882 | D:3      | Found a stormy altar of Qazlal.
  1957 | D:3      | 1957 ||| READING scroll labelled CEMIMNIQYA.
  1958 | D:3      | 1958 ||| READING scroll labelled ILEFUGO ZIDA.
  1959 | D:3      | 1959 ||| DRINKING 2 amethyst potions.
  1960 | D:3      | 1960 ||| DRINKING 2 viscous cyan potions.
  1961 | D:3      | 1961 ||| READING 2 scrolls of identify.
  1961 | D:3      | 1961 ||| IDENTIFYING fuming golden potion
  1962 | D:3      | 1962 ||| DROPPING potion of magic.
  1977 | D:4      | Found a staircase to the Ecumenical Temple.
  1978 | D:4      | 1978 ||| PLANNING TEMPLE
  2005 | D:4      | 2005 ||| INVOKING Spit Poison.
  2009 | D:4      | Reached XP level 6. HP: 56/56 MP: 6/6
  2023 | D:4      | 2023 ||| INVOKING Spit Poison.
  2026 | D:4      | 2026 ||| INVOKING Spit Poison.
  2038 | D:4      | 2038 ||| INVOKING Spit Poison.
  2042 | D:4      | 2042 ||| INVOKING Spit Poison.
  2044 | D:4      | Reached skill level 6 in Ranged Weapons
  2084 | D:4      | 2084 ||| INVOKING Spit Poison.
  2087 | D:4      | 2087 ||| INVOKING Spit Poison.
  2093 | D:4      | 2093 ||| INVOKING Spit Poison.
  2132 | D:4      | Noticed a black bear
  2135 | D:4      | 2135 ||| INVOKING Spit Poison.
  2140 | D:4      | Killed a black bear
  2170 | D:4      | 2170 ||| INVOKING Spit Poison.
  2171 | D:4      | Reached XP level 7. HP: 64/64 MP: 7/7
  2192 | D:4      | 2192 ||| INVOKING Spit Poison.
  2249 | D:4      | 2249 ||| INVOKING Spit Poison.
  2340 | D:4      | Found a bloodstained altar of Trog.
  2358 | D:4      | 2358 ||| INVOKING Spit Poison.
  2361 | D:4      | 2361 ||| INVOKING Spit Poison.
  2366 | D:4      | Reached skill level 7 in Ranged Weapons
  2397 | D:4      | Found a hazy altar of Hepliaklqana.
  2575 | D:4      | 2575 ||| INVOKING Spit Poison.
  2639 | D:4      | 2639 ||| INVOKING Spit Poison.
  2677 | D:4      | 2677 ||| INVOKING Spit Poison.
  2818 | D:4      | 2818 ||| READING scroll labelled CEOXZY BAEPPASCH.
  2819 | D:4      | 2819 ||| READING scroll labelled AHAORPH WIJI.
  2820 | D:4      | 2820 ||| READING scroll labelled JIGYAF JEGHAE.
  2821 | D:4      | 2821 ||| DRINKING 2 fizzy green potions.
  2822 | D:4      | 2822 ||| READING 2 scrolls of identify.
  2822 | D:4      | 2822 ||| IDENTIFYING metallic pink potion
  2823 | D:4      | 2823 ||| DROPPING potion of berserk rage.
  2835 | Temple   | Entered the Ecumenical Temple
  2890 | Temple   | 2890 ||| PLANNING OKAWARU WORSHIP
  3051 | Temple   | Became a worshipper of Warmaster Okawaru
  3052 | Temple   | 3052 ||| PLANNING D:1-11
  3125 | D:5      | Entered Level 5 of the Dungeon
  3129 | D:5      | 3129 ||| INVOKING Spit Poison.
  3191 | D:5      | 3191 ||| INVOKING Spit Poison.
  3211 | D:5      | 3211 ||| INVOKING Spit Poison.
  3217 | D:5      | 3217 ||| INVOKING Spit Poison.
  3220 | D:5      | Reached XP level 8. HP: 69/72 MP: 8/8
  3252 | D:5      | 3252 ||| INVOKING Spit Poison.
  3257 | D:5      | 3257 ||| INVOKING Spit Poison.
  3258 | D:5      | Reached skill level 8 in Ranged Weapons
  3261 | D:5      | 3261 ||| INVOKING Spit Poison.
  3265 | D:5      | 3265 ||| Stepping ~*~*~tactically~*~*~ (outnumbered).
  3267 | D:5      | 3267 ||| INVOKING Spit Poison.
  3272 | D:5      | 3272 ||| INVOKING Spit Poison.
  3278 | D:5      | 3278 ||| INVOKING Spit Poison.
  3282 | D:5      | 3282 ||| INVOKING Spit Poison.
  3287 | D:5      | HP: 13/74 [gnoll/+0 whip (7)]
  3288 | D:5      | 3288 ||| DRINKING potion of heal wounds.
  3289 | D:5      | 3289 ||| INVOKING Spit Poison.
  3291 | D:5      | Reached * piety under Okawaru
  3292 | D:5      | 3292 ||| INVOKING Heroism.
  3295 | D:5      | HP: 12/74 [gnoll/+0 flail (7)]
  3297 | D:5      | 3297 ||| INVOKING Spit Poison.
  3301 | D:5      | 3301 ||| INVOKING Spit Poison.
  3313 | D:5      | 3313 ||| INVOKING Spit Poison.
  3317 | D:5      | 3317 ||| INVOKING Spit Poison.
  3319 | D:5      | HP: 10/74 [hound (2)]
  3352 | D:5      | 3352 ||| INVOKING Heroism.
  3353 | D:5      | 3353 ||| INVOKING Spit Poison.
  3535 | D:5      | 3535 ||| INVOKING Spit Poison.
  3542 | D:5      | 3542 ||| INVOKING Spit Poison.
  3545 | D:5      | 3545 ||| INVOKING Spit Poison.
  3546 | D:5      | Reached skill level 9 in Ranged Weapons
  3550 | D:5      | 3550 ||| INVOKING Heroism.
  3551 | D:5      | 3551 ||| INVOKING Spit Poison.
  3564 | D:5      | 3564 ||| INVOKING Spit Poison.
  3567 | D:5      | 3567 ||| INVOKING Spit Poison.
  3671 | D:5      | Found a shadowy altar of Dithmenos.
  3749 | D:5      | Noticed Pikel
  3750 | D:5      | 3750 ||| INVOKING Spit Poison.
  3756 | D:5      | 3756 ||| INVOKING Spit Poison.
  3760 | D:5      | 3760 ||| INVOKING Spit Poison.
  3760 | D:5      | HP: 18/74 [Pikel/+2 whip of freezing (3)]
  3762 | D:5      | HP: 5/74 [lemure[Pikel] (8)]
  3765 | D:5      | 3765 ||| INVOKING Spit Poison.
  3765 | D:5      | Slain by Pikel

Levels and vault maps discovered:
D:1:      lightli_arrival_lavapool, layout_basic
D:2:      layout_rooms, dilly_ecumenical_altar_fadedgnrine
D:3:      layout_basic, nicolae_wu_jian_wuxing_cycle,
          nicolae_elyvilon_peaceful_grove, mainiacjoe_overflow_catwalk,
          uniq_terence
D:4:      layout_basic, mainiacjoe_overflow_catch_the_wave,
          minmay_temple_entry_statues
D:5:      layout_basic, grunt_dithmenos_smoke_and_mirrors,
          nicolae_tso_besieged_by_evil, minmay_bent, uniq_pikel
Temple:   nicolae_temple_figure_eight

Skill      XL: |  1  2  3  4  5  6  7  8 |
---------------+-------------------------+-----
Ranged Weapons | 4 5 6 7 9 |  9.0
Fighting       | 3 4 5 |  5.1
Armour         | 1 |  1.2
Dodging        | 2 |  2.0
Stealth        | |  1.5

Action                     |  1- 3 |  4- 6 |  7- 9 || total
---------------------------+-------+-------+-------++-------
   Fire: Shortbow          |    38 |    92 |   129 ||   259
 Invoke: Heroism           |       |       |     3 ||     3
Ability: Spit Poison       |    22 |    30 |    34 ||    86
    Use: Scroll            |     6 |     5 |     4 ||    15
         Potion            |     1 |     2 |     2 ||     5
 Armour: Leather armour    |     1 |     3 |       ||     4
         Ring mail         |       |    22 |    76 ||    98
  Dodge: Dodged            |     1 |    23 |    67 ||    91

Table legend:
 A = Non-vault XP
 B = Vault XP
 C = Vault XP percentage of total XP
 D = Non-vault monster count
 E = Vault monster count
 F = Vault count percentage of total count
                 A         B        C        D         E       F
            +---------+---------+-------+---------+---------+-------
      Total |    1783 |     201 |  10.1 |      99 |       9 |   8.3
            +---------+---------+-------+---------+---------+-------
        D:1 |      39 |       0 |   0.0 |      20 |       0 |   0.0
        D:2 |     141 |       0 |   0.0 |      23 |       0 |   0.0
        D:3 |      98 |      36 |  26.9 |      15 |       1 |   6.2
        D:4 |     626 |       0 |   0.0 |      17 |       0 |   0.0
        D:5 |     879 |     165 |  15.8 |      24 |       8 |  25.0
            +---------+---------+-------+---------+---------+-------
